Map: Amygdala

Players

TøysOgTull - Winner!

  • Race: Terran Terran
  • League: Diamond
  • Spawn Location: 7:00

flyrev

  • Race: Protoss Protoss
  • League: Diamond
  • Spawn Location: 1:00

VOD

Have the link to the VOD?

Description

Time

  • Played on: Feb. 8, 2025, 4:07 p.m.
  • Length: 22:13
Show
View Real Time Build Order
Export as new Build Order

TøysOgTull Terran - Winner!

Build Orders:  

Get SALT Encoding   

  12  0:00  SCV  
  13  0:12  SCV  
  14  0:18  Supply Depot  
  14  0:24  SCV  
  15  0:40  SCV  
  15  0:41  Barracks  
  16  0:47  Refinery  
  16  0:52  SCV  
  17  1:04  SCV  
  18  1:16  SCV  
  19  1:23  Refinery  
  19  1:28  Orbital Command, Supply Depot  
  19  1:30  Reaper  
  20  1:47  Engineering Bay  
  20  1:56  SCV  
  21  2:09  SCV  
  21  2:21  Barracks Tech Lab  
  21  2:25  Command Center  
  21  2:26  SCV  
  22  2:35  Factory  
  22  2:43  Marauder  
  24  2:53  SCV  
  24  2:54  Bunker  
  25  3:05  SCV  
  26  3:07  Concussive Shells, Marauder  
  28  3:17  SCV  
  29  3:21  Factory Tech Lab  
  29  3:25  Engineering Bay  
  29  3:29  SCV  
  30  3:37  Marauder  
  30  3:39  Starport  
  32  3:43  SCV  
  33  3:53  Missile Turret  
  33  4:00  Orbital Command  
  33  4:04  SCV  
  34  4:11  Terran Infantry Weapons Level 1  
  34  4:16  SCV  
  35  4:17  Marauder  
  37  4:24  Starport Reactor  
  37  4:25  Barracks  
  37  4:28  SCV  
  37  4:29  Stimpack  
  37  4:30  SCV  
  39  4:36  Siege Tank  
  42  4:40  Supply Depot  
  42  4:42  SCV  
  42  4:44  SCV  
  44  4:50  Marauder  
  46  4:57  Supply Depot  
  46  5:02  SCV x2, Medivac  
  46  5:04  Supply Depot  
  46  5:06  Medivac  
  52  5:16  SCV  
  52  5:19  Barracks Reactor  
  52  5:20  Barracks  
  53  5:24  Siege Tank  
  53  5:26  SCV  
  57  5:29  SCV  
  57  5:32  Refinery  
  57  5:34  Refinery  
  58  5:39  SCV, Marauder  
  61  5:48  SCV  
  62  5:51  SCV  
  62  5:55  Marine x2  
  65  5:59  Medivac  
  65  6:01  SCV, Marauder  
  70  6:04  Supply Depot  
  70  6:07  Supply Depot  
  70  6:08  Barracks Reactor  
  70  6:09  Combat Shield  
  70  6:10  Supply Depot  
  70  6:13  Marine  
  71  6:20  SCV x2  
  71  6:23  Terran Infantry Armor Level 1  
  73  6:26  Marine  
  73  6:28  Marauder  
  73  6:30  Marine  
  77  6:33  Supply Depot  
  77  6:36  Supply Depot  
  75  6:56  SCV  
  75  6:57  SCV  
  77  7:01  Marine x2  
  77  7:02  Marauder  
  77  7:07  Marine x2  
  83  7:09  SCV x2  
  85  7:21  SCV, Command Center  
  86  7:23  Marauder  
  88  7:30  Marine x2  
  88  7:38  Marine  
  88  7:42  SCV  
  83  7:45  Marauder  
  83  7:48  Marine x2  
  82  7:53  Marine  
  79  8:03  Viking  
  80  8:06  Marauder  
  80  8:07  Marine  
  79  8:13  SCV x2  
  80  8:25  SCV x2  
  80  8:26  Marine x2  
  83  8:27  Marauder  
  85  8:37  SCV  
  85  8:40  Missile Turret  
  86  8:42  Marine x2  
  86  8:43  SCV  
  89  8:49  SCV, Marauder  
  89  8:55  SCV  
  93  8:57  Factory Tech Lab  
  93  8:58  Orbital Command  
  93  9:01  SCV  
  93  9:07  SCV  
  94  9:10  Marauder  
  94  9:13  SCV  
  93  9:17  Marine x2  
  93  9:19  SCV  
  88  9:26  Marine  
  88  9:27  Marine  
  82  9:32  Marauder  
  82  9:36  Marine x2  
  77  9:39  Siege Tank  
  77  9:41  Barracks x2  
  77  9:44  Marine  
  78  9:46  Marine  
  78  9:52  SCV  
  77  9:55  Refinery  
  75  10:03  SCV  
  75  10:04  SCV x2  
  75  10:06  Marine  
  79  10:07  Marine  
  79  10:08  Marine  
  79  10:09  Marine x2  
  79  10:11  Siege Tank  
  86  10:15  SCV  
  86  10:16  SCV x2  
  89  10:21  Orbital Command  
  89  10:24  Marine  
  89  10:27  SCV  
  92  10:28  SCV, Marine  
  92  10:29  Marine x2, Barracks Tech Lab  
  92  10:30  Barracks Tech Lab  
  92  10:32  Supply Depot  
  92  10:33  Supply Depot  
  96  10:39  SCV, Marine  
  96  10:40  SCV  
  98  10:43  Siege Tank  
  100  10:53  SCV  
  100  11:02  Bunker  
  100  11:04  Marine x2  
  100  11:05  SCV, Marine x2, Marauder x2  
  100  11:11  SCV  
  107  11:15  Bunker, Missile Turret  
  107  11:17  SCV  
  108  11:21  Supply Depot  
  108  11:22  Marine x2  
  108  11:23  SCV  
  108  11:25  Barracks Tech Lab  
  111  11:26  Marauder x2  
  111  11:27  Marine  
  111  11:29  SCV  
  111  11:32  Supply Depot  
  117  11:36  SCV, Siege Tank  
  121  11:41  SCV  
  118  11:48  SCV, Marauder x2  
  121  11:58  Marine x2, Marauder  
  121  12:00  SCV  
  126  12:04  Marine  
  126  12:08  Siege Tank  
  130  12:09  Marine, Marauder x2  
  130  12:12  SCV x2  
  130  12:15  Supply Depot, Marine  
  137  12:16  Marine  
  137  12:19  Marauder  
  141  12:31  Supply Depot  
  141  12:37  Marine, Marauder, Medivac x2  
  147  12:41  Marine  
  149  12:48  Supply Depot  
  149  12:51  Refinery  
  149  12:52  Marine  
  149  12:53  Marauder x2, Siege Tank  
  149  12:54  Supply Depot  
  157  13:10  Marine x2, Viking x2, Marauder  
  165  13:16  Marauder x2  
  169  13:20  SCV  
  169  13:23  Marine x2, Refinery  
  172  13:27  SCV  
  172  13:34  Armory  
  173  13:36  SCV, Supply Depot, Marine x2  
  173  13:37  Supply Depot  
  173  13:39  SCV, Marauder x2  
  173  13:40  Marauder  
  166  13:44  Marine  
  151  13:53  Marine  
  151  13:54  Marine  
  151  13:55  Marine  
  134  14:00  Marauder  
  134  14:01  Marauder x2  
  134  14:02  Marine  
  126  14:10  Siege Tank  
  126  14:11  Marine  
  126  14:13  SCV  
  131  14:17  Missile Turret  
  131  14:21  Marauder  
  131  14:22  Marauder x2  
  137  14:25  SCV  
  137  14:27  Marine  
  137  14:31  Supply Depot  
  139  14:32  Marine x2  
  139  14:33  Marine  
  139  14:37  SCV  
  143  14:43  Marauder x2  
  143  14:44  Marauder  
  143  14:45  Marine  
  148  14:50  Marine  
  148  14:51  Marine  
  151  15:00  Marine  
  151  15:04  Marauder  
  151  15:05  Marine, Marauder x2  
  159  15:07  Viking  
  155  15:26  Marine x2, Marauder x2  
  155  15:27  Marauder  
  154  15:32  Siege Tank  
  144  15:38  Marine  
  140  15:44  Marine  
  140  15:46  Viking  
  140  15:47  Marauder x2  
  140  15:48  Marauder  
  137  15:55  Orbital Command  
  130  15:58  Marine x2  
  124  16:04  Siege Tank  
  124  16:08  Marauder  
  124  16:09  Marine, Marauder x2  
  115  16:24  SCV  
  115  16:30  Marauder x2  
  115  16:31  Marauder  
  121  16:51  Marauder  
  123  16:56  Marine x2, Marauder  
  123  16:57  Marauder  
  129  17:08  Marine x2  
  129  17:12  Marauder  
  133  17:18  Marauder  
  131  17:31  Marine, Marauder  
  131  17:36  Orbital Command  
  118  17:47  Marauder  
  112  18:11  SCV  
  112  18:12  Barracks Tech Lab  
  113  18:17  Marine, Marauder x3  
  113  18:19  Widow Mine  
  123  18:21  Marine  
  123  18:23  SCV  
  124  18:35  SCV  
  124  18:40  Marine  
  124  18:41  Widow Mine, Marauder x2  
  132  18:47  Marine, Marauder  
  134  18:58  SCV, Marine  
  134  19:02  Widow Mine, Marauder x2  
  141  19:04  Marine  
  141  19:08  Marauder  
  144  19:10  SCV  
  144  19:15  SCV  
  144  19:16  Marine  
  147  19:18  Missile Turret  
  147  19:23  SCV, Marine, Marauder  
  147  19:24  Widow Mine, Marauder  
  153  19:29  Marine  
  154  19:34  Marine  
  154  19:35  SCV  
  154  19:38  Missile Turret  
  155  19:39  Bunker  
  155  19:41  Marauder  
  155  19:44  Marine, Marauder  
  155  19:45  Widow Mine  
  162  19:47  SCV  
  162  19:48  Marauder  
  165  20:08  Marine  
  165  20:09  SCV x2  
  152  20:17  Marine x2, Marauder x2  
  152  20:21  SCV x2  
  160  20:26  Marine  
  161  20:33  SCV x2  
  161  20:35  Marauder  
  165  20:54  SCV  
  165  20:56  SCV  
  165  20:57  Marine  
  165  20:58  Marine  
  165  21:01  Marauder  
  165  21:15  SCV  
  165  21:16  Marauder  
  165  21:20  Supply Depot  
  165  21:36  Marine  
  165  21:38  SCV  
  164  21:41  Marauder  
  165  21:49  SCV  
  165  21:50  SCV, Missile Turret  
  165  21:53  Marine  
  172  22:01  Refinery  
  172  22:06  Supply Depot  
Show
View Real Time Build Order
Export as new Build Order

flyrev Protoss 

Build Orders: Blink Stalkers 

Get SALT Encoding   

  12  0:00  Probe  
  13  0:12  Probe  
  14  0:17  Pylon  
  14  0:25  Probe  
  15  0:37  Probe  
  15  0:38  Gateway  
  16  0:49  Probe  
  17  0:50  Assimilator  
  17  1:01  Probe  
  18  1:15  Probe  
  19  1:26  Probe  
  19  1:27  Cybernetics Core  
  20  1:37  Probe  
  21  1:44  Assimilator  
  21  1:49  Pylon  
  23  1:57  Adept  
  23  2:04  Probe  
  23  2:12  Probe  
  23  2:20  Probe  
  24  2:24  Stalker  
  24  2:27  Twilight Council, Gateway  
  27  2:33  Warp Gate  
  27  2:35  Probe  
  28  2:51  Stalker  
  30  3:04  Probe  
  30  3:08  Pylon  
  30  3:12  Nexus  
  30  3:23  Probe  
  30  3:25  Pylon  
  30  3:26  Blink  
  31  3:36  Probe  
  32  3:45  Pylon  
  32  3:48  Probe  
  33  4:00  Probe  
  34  4:08  Robotics Facility  
  34  4:12  Probe  
  34  4:14  Gateway  
  35  4:24  Probe x2  
  35  4:30  Shield Battery  
  37  4:32  Probe x2  
  39  4:40  Probe x2  
  39  4:45  Gateway  
  41  4:49  Gateway  
  41  4:50  Probe  
  41  4:51  Probe  
  43  5:02  Probe  
  43  5:03  Probe  
  45  5:08  Warp Prism  
  45  5:15  Probe  
  45  5:16  Probe  
  49  5:22  Stalker  
  49  5:23  Sentry  
  49  5:26  Charge  
  49  5:27  Probe  
  53  5:29  Probe  
  54  5:36  Stalker  
  54  5:37  Probe  
  54  5:39  Probe  
  58  5:51  Probe  
  58  5:53  Probe  
  58  5:54  Pylon  
  58  5:56  Nexus  
  60  6:00  Stalker x3  
  66  6:09  Zealot x2  
  70  6:14  Pylon  
  70  6:18  Pylon  
  70  6:28  Zealot x3  
  76  6:50  Stalker x5  
  76  7:01  Probe x2  
  70  7:06  Forge  
  68  7:13  Probe x2  
  68  7:16  Zealot x5  
  68  7:20  Probe  
  79  7:23  Shield Battery  
  79  7:25  Probe x2  
  81  7:34  Dark Shrine  
  77  7:37  Zealot x5  
  75  7:47  Gateway  
  75  7:49  Photon Cannon  
  75  7:58  Gateway  
  75  7:59  Gateway  
  75  8:02  Gateway  
  75  8:05  Zealot x5  
  81  8:14  Protoss Ground Weapons Level 1  
  77  8:25  Gateway  
  73  8:28  Stalker x5  
  73  8:33  Robotics Bay  
  83  8:35  Probe  
  83  8:36  Probe  
  83  8:52  Stalker x4  
  91  9:05  Dark Templar x2  
  91  9:06  Zealot x3  
  83  9:33  Zealot x4  
  83  9:34  Zealot x4  
  83  9:38  Colossus  
  83  9:59  Assimilator  
  85  10:02  Assimilator  
  85  10:03  Zealot x7  
  85  10:04  Zealot  
  99  10:17  Nexus, Colossus  
  99  10:20  Pylon  
  99  10:27  Assimilator  
  99  10:28  Assimilator  
  99  10:29  Assimilator  
  99  10:34  Assimilator  
  99  10:41  Stalker x3  
  93  10:58  Extended Thermal Lance  
  91  11:05  Photon Cannon  
  91  11:06  Protoss Ground Weapons Level 2, Photon Cannon  
  91  11:07  Pylon, Photon Cannon  
  73  11:14  Zealot  
  73  11:15  Zealot  
  73  11:17  Zealot x8  
  93  11:22  Photon Cannon  
  93  11:23  Photon Cannon  
  93  11:27  Pylon  
  93  11:38  Probe x4  
  89  11:49  Stalker x2  
  89  11:50  Probe x4  
  85  11:54  Colossus  
  85  11:56  Stalker x2  
  87  12:10  Stalker  
  95  12:21  Stalker x3  
  101  12:27  Stalker x2  
  105  12:45  Nexus  
  105  12:50  Pylon  
  105  12:51  Stalker x2  
  105  12:52  Pylon  
  105  12:57  Zealot x2  
  105  12:58  Zealot  
  115  13:06  Zealot  
  115  13:08  Zealot x3  
  123  13:16  Gateway  
  123  13:29  Dark Templar x2  
  123  13:30  Dark Templar x3  
  91  13:52  Colossus  
  79  14:01  Zealot x4  
  79  14:02  Zealot  
  85  14:12  Zealot  
  85  14:13  Zealot x4  
  95  14:19  Protoss Ground Weapons Level 3  
  93  14:26  Zealot x4  
  93  14:27  Zealot  
  103  14:36  Warp Prism  
  103  14:37  Probe  
  103  14:38  Probe x2  
  98  14:46  Robotics Facility  
  98  14:50  Stalker x3  
  98  14:52  Sentry  
  108  14:53  Sentry  
  108  14:57  Dark Templar  
  111  15:13  Zealot x5  
  101  15:43  Nexus  
  93  16:03  Zealot x4  
  79  16:19  Zealot x5  
  83  17:11  Pylon  
  83  17:12  Dark Templar x2  
  63  18:00  Stalker x6  
  65  18:17  Pylon  
  65  18:18  Zealot x2  
  61  18:33  Zealot x2  
  65  18:37  Disruptor  
  69  18:57  Pylon  
  60  19:10  Stalker x3  
  56  19:46  Nexus  
  56  20:07  Shadow Stride  
  38  20:15  Dark Templar  
  30  20:50  Nexus  
  27  21:01  Dark Templar x3  
Tags
 
Composition
Blink Stalkers
Matchup
PvT
Spawn Locations
Cross Positions
Add a new tag
Caveats
  • Supply blocks, unpowered buildings, or Contaminate may cause inaccurate times.
  • Supply counts are checked every 10 seconds.